 Dungeon Crawl Stone Soup version 0.22-b1-21-g5cfc168 (webtiles) character file.

22 tyranidshit the Skirmisher (level 2, 0/25 HPs)
             Began as a Demonspawn Abyssal Knight on Aug 3, 2018.
             Was a Follower of Lugonu.
             Slain by a goblin
             ... wielding a cursed -1 dagger
              (1 damage)
             ... on level 1 of the Dungeon.
             The game lasted 00:01:32 (216 turns).

tyranidshit the Skirmisher (DsAK)                    Turns: 216, Time: 00:01:32

Health: 0/25       AC:  3    Str: 12    XL:     2   Next: 68%
Magic:  3/3        EV: 11    Int: 13    God:    Lugonu [*.....]
Gold:   41         SH:  0    Dex: 12    Spells: 1/1 levels left

rFire    . . .     SeeInvis .   a - +1 hand axe
rCold    . . .     Gourm    .   (no shield)
rNeg     . . .     Faith    .   b - +0 leather armour
rPois    .         Spirit   .   (no helmet)
rElec    .         Reflect  .   (no cloak)
rCorr    .         Harm     .   (no gloves)
MR       .....                  (no boots)
Stlth    +.........             (no amulet)
HPRegen  0.08/turn              (no ring)
MPRegen  0.08/turn              (no ring)

@: no status effects
A: powered by pain 1
a: Depart the Abyss, Renounce Religion


You were on level 1 of the Dungeon.
You worshipped Lugonu.
Lugonu was aware of your devotion.
You were not hungry.

You visited 1 branch of the dungeon, and saw 1 of its levels.
You visited the Abyss 1 time.

You collected 41 gold pieces.

Inventory:

Hand Weapons
 a - a +1 hand axe (weapon)
Armour
 b - a +0 leather armour (worn)
Comestibles
 c - a ration


   Skills:
 + Level 4.0 Fighting
 - Level 1.7 Axes
 - Level 1.7 Armour
 - Level 0.8 Dodging
 - Level 2.4 Invocations


You had one spell level left.
You didn't know any spells.
Your spell library was empty.

Dungeon Overview and Level Annotations

Branches:
Dungeon (1/15)

Altars:


Innate Abilities, Weirdness & Mutations

You sometimes gain a little power by taking damage.


Message History

You kill the dart slug!
Lugonu accepts your kill.
Your Fighting skill increases to level 4!
You hit the hobgoblin. The hobgoblin hits you with a club.
* * * LOW HITPOINT WARNING * * *
Unknown command.
Unknown command.
You hit the hobgoblin.
The hobgoblin is almost dead.
The hobgoblin hits you but does no damage.
The goblin drinks a potion.
The goblin seems to speed up.
Unknown command.
You slash the hobgoblin!
You kill the hobgoblin!
Lugonu accepts your kill.
Unknown command.
You barely miss the goblin. The goblin barely misses you. x2
You closely miss the goblin.
The goblin hits you with an enchanted dagger.
You die...

.#.........##........#.....
...#######..##.......#.....
###########................
.†.............†...........
#################.....#....
##.....##......#
#.......#.#.......
.......††....##..#
......g@.#.#.....#
###....†.......#.
##.#...........
.#?#...##....... #... #....
....##. (#. ......##... .##
....... .# #......#


You could see a goblin.

Vanquished Creatures
  An ooze (D:1)
  A dart slug (D:1)
  2 leopard geckos (D:1)
  2 goblins (D:1)
  A hobgoblin (D:1)
  A bat (D:1)
  4 kobolds (D:1)
  A rat (D:1)
13 creatures vanquished.

Notes
Turn   | Place    | Note
-------+----------+-------------------------------------------
     0 | Abyss:1  | tyranidshit the Demonspawn Abyssal Knight began the quest for the Orb.
     0 | Abyss:1  | Reached XP level 1. HP: 18/18 MP: 2/2
    24 | Abyss:2  | Found a deep blue altar of Sif Muna.
    24 | Abyss:2  | Noticed a boggart
    24 | Abyss:2  | Noticed a boggart
    24 | Abyss:2  | Noticed a kobold demonologist
    24 | Abyss:2  | Noticed a deep elf mage
    25 | Abyss:2  | Noticed a large abomination
    26 | Abyss:2  | Noticed an orc high priest
    26 | Abyss:2  | Noticed a kobold demonologist
    27 | Abyss:2  | Noticed a deep elf mage
    28 | Abyss:2  | Noticed an orc high priest
    29 | Abyss:2  | Noticed a spatial maelstrom
    30 | Abyss:2  | Noticed a smoke demon
    30 | Abyss:2  | Noticed an iron imp
    30 | Abyss:2  | Noticed a crimson imp
    46 | Abyss:2  | Noticed a small abomination
    90 | Abyss:2  | Noticed a chaos spawn
    95 | D:1      | Escaped the Abyss
   133 | D:1      | Gained mutation: You sometimes gain a little power by taking damage. [demonic ancestry]
   133 | D:1      | Reached XP level 2. HP: 8/24 MP: 3/3
   134 | D:1      | Reached * piety under Lugonu
   212 | D:1      | Reached skill level 4 in Fighting
   212 | D:1      | HP: 1/25 [hobgoblin/club (1)]
   216 | D:1      | Slain by a goblin

Skill      XL: |  1  2 |
---------------+-------+-----
Fighting       | 4 |  4.0
Axes           | |  1.7
Armour         | |  1.7
Dodging        | |  0.8
Invocations    | |  2.4

Action                   || total
-------------------------++-------
Melee: Hand axe          ||    33
Invok: Depart the Abyss  ||     1
  Use: Scroll            ||     2
       Potion            ||     1
Armor: Leather armour    ||     9
Dodge: Dodged            ||    24
